AoeStats
← Nobody

Arabia

507204465Analyzed
4v4 RM · 15d ago on Sep 17, 2026· 14m 7s· 8 players
Game mode
Random Map
Map size
Large (8 player)
Population
200
Speed
Normal
Resources
Standard
Victory
Conquest
Starting age
Dark Age
Ending age
Imperial Age
RankedLock teamsTeams togetherTeam positionsShared explorationLock speedFull tech treeHidden civsTurbo modeCheats
Victory
Defeat
🇵🇪 Cumans · Peru
1401
+13
🇵🇪 Magyars · Peru
1367
+15
🇵🇪 Britons · Peru
1361
+15
🇹🇷 Persians · Türkiye
1304
+18
🇺🇸 Magyars · United States
1357
-16
🇨🇱 Shu · Chile
1334
-15
🇲🇽 Persians · Mexico
1332
-15
🇺🇸 Mongols · United States
1332
-15
Thor Odinson
3:34 Loom
11:15 Feudal Age
Nobody
4:53 Loom
9:06 Feudal Age
9:54 Double-Bit Axe
10:28 Horse Collar
Kevincho
5:49 Loom
5:51 Loom
9:31 Feudal Age
10:47 Double-Bit Axe
Slayer
5:17 Loom
8:34 Feudal Age
10:30 Double-Bit Axe
12:05 Fletching
Eevee Queen
6:36 Loom
9:12 Feudal Age
Meowth
6:54 Loom
9:14 Feudal Age
Turkalibx
1:23 Loom
7:18 Loom
9:41 Feudal Age
Ellocou
7:42 Loom
9:57 Feudal Age
10:31 Loom
12:04 Double-Bit Axe
Connection lost

Rejoining the realm…

Still unreachable

The connection could not be restored.

Session expired

The server has moved on; the page needs a fresh start.